 Dungeon Crawl Stone Soup version 0.24.0-2-g5b39cebb1c (webtiles) character file.

Game seed: 11997318983021706911, levelgen mode: deterministic

494 Mrkan the Chopper (level 6, -3/56 HPs)
             Began as a Minotaur Fighter on Oct 31, 2019.
             Slain by a killer bee (6 damage)
             ... on level 5 of the Dungeon.
             The game lasted 00:05:17 (3498 turns).

Mrkan the Chopper (Minotaur Fighter)                Turns: 3498, Time: 00:05:17

Health: -3/56      AC:  9    Str: 21    XL:     6   Next: 92%
Magic:  5/5        EV:  6    Int:  5    God:
Gold:   270        SH: 10    Dex: 11    Spells: 5/5 levels left

rFire    . . .     SeeInvis .   a - +0 war axe
rCold    . . .     Gourm    .   c - +0 shield
rNeg     . . .     Faith    .   k - +0 chain mail
rPois    .         Spirit   .   (helmet restricted)
rElec    .         Reflect  .   (no cloak)
rCorr    .         Harm     .   (no gloves)
MR       .....                  (no boots)
Stlth    ..........             (no amulet)
HPRegen  0.18/turn              (no ring)
MPRegen  0.09/turn              (no ring)

@: lethally poisoned (-3 -> -29), flying
A: retaliatory headbutt, horns 2
a: no special abilities


You were on level 5 of the Dungeon.
You were not hungry.

You visited 1 branch of the dungeon, and saw 5 of its levels.

You collected 270 gold pieces.

Inventory:

Hand Weapons
 a - a +0 war axe (weapon)
Missiles
 r - 48 stones (quivered)
Armour
 c - a +0 shield (worn)
 k - a +0 chain mail (worn)
Jewellery
 l - an uncursed amulet of the gourmand {unknown}
 m - a +2 ring of protection {unknown}
 o - a +2 ring of slaying {unknown}
 p - an uncursed ring of magical power {unknown}
 w - an uncursed ring of protection from cold {unknown}
Scrolls
 e - 4 scrolls of teleportation {unknown}
 g - a scroll of immolation {unknown}
 j - 2 scrolls of remove curse {unknown}
 n - 2 scrolls of amnesia {unknown}
 s - 3 scrolls of identify {unknown}
 t - a scroll of blinking {unknown}
 u - 2 scrolls of magic mapping {unknown}
 v - 3 scrolls of enchant weapon {unknown}
Potions
 b - 2 potions of flight
 d - a potion of might
 h - a potion of curing {unknown}
 i - 2 potions of degeneration {unknown}
 q - 2 potions of resistance {unknown}
 x - a potion of ambrosia {unknown}
 A - a potion of haste {unknown}
Comestibles
 f - 9 rations
 z - 2 chunks of flesh


   Skills:
 + Level 5.3 Fighting
 * Level 6.0 Axes
 + Level 5.3 Armour
 + Level 5.3 Shields


You had 5 spell levels left.
You didn't know any spells.
Your spell library was empty.

Dungeon Overview and Level Annotations

Branches:
Dungeon (5/15)
 Temple: D:4-7

Altars:

Shops:
D:4 *


Innate Abilities, Weirdness & Mutations

You reflexively headbutt those who attack you in melee.
You have a pair of horns on your head.


Message History

The killer bee stings you.
You are more poisoned.
The killer bee poisons you!
The killer bee stings you but does no damage. x2
The killer bee stings you.
* * * LOW HITPOINT WARNING * * *
You are lethally poisoned!
The killer bee poisons you! The killer bee stings you.
* * * LOW HITPOINT WARNING * * *
You are more poisoned.
The killer bee poisons you! The killer bee stings you.
* * * LOW HITPOINT WARNING * * *
You are more poisoned.
The killer bee poisons you! You block the killer bee's attack. x2
It was a potion of flight.
You feel very buoyant.
You fly up into the air.
* * * LOW HITPOINT WARNING * * *
You feel sick. The killer bee stings you.
You die...

#............#.###......
#............#..##......
#............##.##
#............##..#
#............###.#
###............# #.#
..............# #.#
###.....yyy....# #.#
........y@†....# #.##
#.......†....# #÷.# .
###.#.######## ##.# .
.#####.........# #.# ..
...............#
##.#####.
................
#........
............####
#........ ............#
#........
##########.#######
#........


You could see 4 killer bees.

Vanquished Creatures
  A phantom (D:5)
  2 ogres (D:4)
  A killer bee (D:5)
  An orc priest (D:4)
  A hound (D:5)
  An orc wizard (D:4)
  A worker ant (D:5)
  2 adders (D:2)
  An ooze (D:1)
  An adder skeleton (D:4)
  An adder zombie (D:5)
  A worm (D:2)
  2 dart slugs
  9 orcs
  2 ball pythons
  A giant cockroach (D:2)
  6 hobgoblins
  4 kobolds
  2 quokkas
  4 bats
  4 frilled lizards (D:1)
  11 goblins
  A jackal skeleton (D:5)
  A quokka skeleton (D:5)
  3 rats
64 creatures vanquished.

Notes
Turn   | Place    | Note
-------+----------+-------------------------------------------
     0 | D:1      | Mrkan the Minotaur Fighter began the quest for the Orb.
     0 | D:1      | Reached XP level 1. HP: 19/19 MP: 0/0
   534 | D:1      | Reached XP level 2. HP: 19/27 MP: 1/1
   700 | D:1      | Reached skill level 3 in Axes
  1192 | D:2      | Reached XP level 3. HP: 16/33 MP: 2/2
  2018 | D:3      | Reached XP level 4. HP: 36/40 MP: 3/3
  2368 | D:4      | Noticed an ogre
  2373 | D:4      | Killed an ogre
  2373 | D:4      | Reached skill level 4 in Axes
  2373 | D:4      | Reached XP level 5. HP: 32/47 MP: 4/4
  2547 | D:4      | Noticed an ogre
  2560 | D:4      | Killed an ogre
  2560 | D:4      | Reached skill level 5 in Axes
  2823 | D:4      | Reached XP level 6. HP: 49/55 MP: 5/5
  3046 | D:4      | Found Vanianish's Assorted Antiques.
  3203 | D:5      | Entered Level 5 of the Dungeon
  3244 | D:5      | Reached skill level 5 in Fighting
  3244 | D:5      | Reached skill level 5 in Armour
  3244 | D:5      | Reached skill level 5 in Shields
  3497 | D:5      | Reached skill level 6 in Axes
  3498 | D:5      | Slain by a killer bee

Levels and vault maps discovered:
D:1:      evilmike_arrival_plus, layout_basic
D:2:      layout_basic
D:3:      layout_basic
D:4:      layout_rooms, serial_shops, shop
D:5:      layout_basic, minmay_temple_entry_hall, first_ration

Skill      XL: |  1  2  3  4  5  6 |
---------------+-------------------+-----
Axes           | 3 4 5 6 |  6.0
Armour         | 4 5 |  5.3
Shields        | 4 5 |  5.3
Fighting       | 4 5 |  5.3

Action                   |  1- 3 |  4- 6 || total
-------------------------+-------+-------++-------
Melee: War axe           |   125 |    77 ||   202
       Headbutt          |    17 |    11 ||    28
  Use: Potion            |       |     1 ||     1
  Eat: Chunk             |     4 |     4 ||     8
Armor: Chain mail        |    70 |    45 ||   115
       Scale mail        |     2 |       ||     2
Dodge: Dodged            |    26 |    16 ||    42
Block: Shield            |    80 |    46 ||   126
